 Dungeon Crawl Stone Soup version 0.30-b1-2-g02819fbbbe (webtiles) character file.

Game seed: 8746858654578489030

28468 Mesmaeker13 the Frost Mage (level 12, 0/102 HPs)
             Began as a Demigod Reaver on July 16, 2023.
             Slain by a blink frog (9 damage)
             ... on level 5 of the Lair of Beasts.
             The game lasted 00:46:28 (22253 turns).

Mesmaeker13 the Frost Mage (Demigod Reaver)        Turns: 22253, Time: 00:46:29

Health: 0/102      AC: 12    Str: 23    XL:     12   Next: 76%
Magic:  37/37      EV: 11    Int: 27    God:
Gold:   843        SH:  0    Dex: 10    Spells: 12/27 levels left

rFire   + . .        S - +2 war axe (heavy)
rCold   + . .        (no shield)
rNeg    + . .        r - +0 scale mail
rPois   +            b - -2 hat of the Alchemist {rElec rPois rF+ rC+ rN+ Will+ rMut rCorr}
rElec   +            d - +2 cloak
rCorr   +            (no gloves)
SInv    .            h - +1 pair of boots
Will    ++...        (no amulet) Stlth
                     E - +6 ring of strength
HPRegen 0.37/turn    H - ring of magical power
MPRegen 0.25/turn

%: resist mutation
@: lethally poisoned (0 -> -10), hasted, very quick
A: high MP 1, forlorn, divine attributes, clumsy 1
a: no special abilities


You were on level 5 of the Lair of Beasts.
You visited 3 branches of the dungeon, and saw 17 of its levels.
You also visited: Bailey.

You collected 843 gold pieces.

Inventory:

Hand Weapons
 f - a +0 trident of flaming
 x - the +10 sling of Imminent Death {speed, *Corrode rC++}
   (You found it on level 4 of the Dungeon)

   rC:        It greatly protects you from cold.
   *Corrode:  It may corrode you when you take damage.
 S - a +2 heavy war axe (weapon)
Missiles
 j - 10 curare-tipped darts (quivered)
 A - 26 boomerangs
 M - a throwing net
Armour
 b - the -2 hat of the Alchemist (worn) {rElec rPois rF+ rC+ rN+ Will+ rMut rCorr}
   (You acquired it on level 8 of the Dungeon)

   rF:        It protects you from fire.
   rC:        It protects you from cold.
   rElec:     It insulates you from electricity.
   rPois:     It protects you from poison.
   rN:        It protects you from negative energy.
   rCorr:     It protects you from acid and corrosion.
   rMut:      It protects you from mutation.
   Will:      It increases your willpower.
 d - a +2 cloak (worn)
 h - a +1 pair of boots (worn)
 n - a +1 robe of fire resistance
 r - a +0 scale mail (worn)
 s - a +2 hat
 y - a +2 helmet of see invisible
 I - +0 steam dragon scales
Jewellery
 E - a +6 ring of strength (left hand)
 G - a ring of positive energy
 H - a ring of magical power (right hand)
 L - a ring of flight
 O - a ring of protection from cold
Scrolls
 a - a scroll of blinking
 k - 2 scrolls of immolation
 l - a scroll of torment
 o - 5 scrolls of amnesia
 q - 4 scrolls of vulnerability
 t - 2 scrolls of enchant weapon
 u - 4 scrolls of noise
 C - 5 scrolls of magic mapping
 D - 2 scrolls of poison
 J - 5 scrolls of fog
 Q - a scroll of summoning {unknown}
 R - a scroll of brand weapon
Potions
 c - 5 potions of attraction
 g - a potion of haste
 i - a potion of mutation
 m - a potion of resistance
 w - 2 potions of ambrosia
 B - 2 potions of brilliance
 K - 2 potions of flight


   Skills:
 - Level 8.2 Fighting
 + Level 1.0(3.2) Axes
 - Level 5.0 Polearms
 - Level 7.3 Ranged Weapons
 + Level 8.6 Armour
 - Level 3.5 Dodging
 - Level 8.1 Spellcasting
 - Level 3.1 Conjurations
 + Level 9.0 Ice Magic
 + Level 5.8 Air Magic
 - Level 4.0 Poison Magic


You had 12 spell levels left.
You knew the following spells:

 Your Spells              Type           Power      Damage    Failure   Level
a - Kiss of Death         Conj/Necr      76%        2d11      6%          1
b - Ozocubu's Armour      Ice            56%        N/A       1%          3
c - Hailstorm             Conj/Ice       43%        3d10      2%          3
d - Mephitic Cloud        Conj/Pois/Air  34%        N/A       6%          3
e - Freezing Cloud        Conj/Ice/Air   21%        6-21      26%         5

Your spell library contained the following spells:

 Spells                   Type           Power      Damage    Failure   Level
 Freeze                   Ice            100%       1d10      1%          1
 Poisonous Vapours        Pois/Air       74%        N/A       2%          2
 Cigotuvi's Dreadful Rot  Necr/Pois/Air  56%        N/A       4%          2
 Momentum Strike          Conj/Tloc      38%        3d9       9%          2
 Lesser Beckoning         Tloc           20%        N/A       17%         2
 Gell's Gravitas          Tloc           10%        N/A       34%         3
 Inner Flame              Hex/Fire       10%        N/A       34%         3
 Teleport Other           Tloc           10%        N/A       34%         3
 Metabolic Englaciation   Hex/Ice        17%        N/A       45%         5
 Flame Wave               Conj/Fire      19%        2d7       52%         4
 Sticky Flame             Conj/Fire      19%        2d4       52%         4
 Dispel Undead            Necr           10%        3d9       75%         4
 Ozocubu's Refrigeration  Ice            28%        4d13      93%         7
 Simulacrum               Ice/Necr       17%        N/A       95%         6
 Death Channel            Necr           5%         N/A       100%        6


Dungeon Overview and Level Annotations

Branches:
Dungeon (11/15)            Temple (0/1) D:4            Lair (5/5) D:11
 Shoals (0/4) Lair:3        Snake (0/4) Lair:3          Orc (1/2) D:10
 Bailey (visited)
  Slime: Lair:4-5

Shops:
D:10 (

Annotations:
D:6 3 runed translucent doors, BerneyBell's ghost, novice TrGl; diceflayer's ghost, novice DsHu
Lair:4 1 runed translucent door


Innate Abilities, Weirdness & Mutations

You have an increased reservoir of magic. (+10% MP)
You shall have no god before yourself.
Your divine heritage dramatically boosts your attributes as you level up.
You are clumsy. (Dex -2)


Message History

The black mamba closely misses you. The elephant tramples you.
You stumble backwards!
Something bites the plant!
The plant begins to die.
The warg howls!
The warg bites the plant!
The black mamba bites you!
The elephant trumpets! x2; You hear a trumpeting!
You hear an angry hiss.
The warg bites the plant!
An elephant comes into view.
The cane toad stings you!!
* * * LOW HITPOINT WARNING * * *
You are poisoned.
The cane toad poisons you!
Okay, then.
The black mamba attacks as you move away!
The black mamba bites you.
* * * LOW HITPOINT WARNING * * *
An elephant comes into view.
* * * LOW HITPOINT WARNING * * *
You feel very sick.
The elephant trumpets! x2
The blink frog gives a loud, deep croak!
The warg bites the plant.
An elephant comes into view.
The black mamba attacks as you move away!
The black mamba barely misses you.
Found 19 gold pieces.
* * * LOW HITPOINT WARNING * * *
You feel very sick.
The elephant trumpets!
The blink frog gives a loud, deep croak!
Something bites the plant!
A komodo dragon comes into view.
* * * LOW HITPOINT WARNING * * *
You feel sick.
The komodo dragon hisses angrily.
The black mamba bites you but does no damage.
The black mamba attacks as you move away!
The black mamba bites you but does no damage.
* * * LOW HITPOINT WARNING * * *
You feel sick.
The blink frog blinks!
The blink frog hits you!
You die...

...#.#YY.:....... #
###.F....... #..........
#..Y....... .
##......... ..##
#.Y....... #...
##......P.
#....####FS....P..
#....@S......$...
......F........P..P
F.......YY.......P#
...F§YY.........P#.
.......F.Y..........P#h.
....(...............###.
#......l....#.......#
#.F....#..##.#...$..#
#..FFS#.#+##. .


You could see 5 elephants, a komodo dragon, a black mamba, a cane toad, 4 blink
frogs and a water moccasin.

Vanquished Creatures
  2 catoblepae
  A centaur warrior (D:8)
  A boulder beetle (Lair:4)
  A two-headed ogre (D:7)
  A skyshark (Lair:4)
  A cyclops (D:11)
  A manticore (D:11)
  3 elephants (Lair:4)
  2 merfolk sirens (Lair:3)
  4 black mambas
  3 gargoyles
  A torpor snail (Lair:4)
  7 cane toads
  Maggie (D:7)
  3 komodo dragons
  A rime drake (Lair:2)
  3 trolls
  2 merfolk (Lair:3)
  8 blink frogs (Lair:1)
  A polar bear (Lair:4)
  A hornet (D:9)
  6 dream sheep
  A shadow (D:11)
  A wraith (D:10)
  30 yaks
  A vampire (D:10)
  4 wyverns
  A human (Lair:4)
  2 steam dragons
  2 vampire mosquitoes (D:11)
  Menkaure (D:7)
  2 nagas (Lair:3)
  9 water moccasins
  An ice beast (D:8)
  A black bear (D:6)
  2 ogres
  8 orc warriors
  6 centaurs
  10 wolves (Lair:4)
  2 phantoms
  8 kobold brigands
  9 bullfrogs
  3 scorpions
  10 killer bees
  2 electric eels
  6 howler monkeys
  A quasit (D:7)
  3 hounds
  A jelly (D:5)
  9 orc priests
  Crazy Yiuf (D:4)
  2 iguanas (D:5)
  5 orc wizards
  3 sleepcaps
  8 adders
  A gnoll (D:1)
  2 shadow imps (D:7)
  2 white imps (D:7)
  4 ufetubi
  A worm (D:5)
  A dart slug (D:5)
  34 orcs
  11 ball pythons
  4 bats
  9 endoplasms
  A giant cockroach (D:2)
  9 hobgoblins
  8 jackals
  20 kobolds
  3 quokkas (D:1)
  3 frilled lizards
  11 goblins
  2 rats
335 creatures vanquished.

Vanquished Creatures (others)
  3 killer bees (D:7)
  An orc wizard (D:7)
  8 demonic plants (D:7)
  11 fungi
  41 plants
64 creatures vanquished.

Grand Total: 399 creatures vanquished

Notes
Turn   | Place    | Note
-------+----------+-------------------------------------------
     0 | D:1      | Mesmaeker13 the Demigod Reaver began the quest for the Orb.
     0 | D:1      | Reached XP level 1. HP: 17/17 MP: 5/5
   132 | D:1      | Reached XP level 2. HP: 6/24 MP: 7/7
   637 | D:1      | Reached XP level 3. HP: 23/29 MP: 8/8
  1383 | D:2      | You fall into a shaft and drop 2 floors!
  1537 | D:2      | Learned a level 3 spell: Ozocubu's Armour
  2067 | D:3      | Got Plato's Reference Book on the Iceberg
  2205 | D:3      | Reached XP level 4. HP: 37/37 MP: 10/10
  2679 | D:2      | Reached skill level 1 in Ice Magic
  3083 | D:4      | Found a staircase to the Ecumenical Temple.
  3114 | D:4      | Identified the +10 sling of Imminent Death {speed, *Corrode
                  | rC++}
  3150 | D:4      | Reached XP level 5. HP: 44/44 MP: 11/11
  3164 | D:4      | Noticed a centaur
  3173 | D:4      | Killed a centaur
  3174 | D:4      | Reached skill level 1 in Ranged Weapons
  3449 | D:4      | Reached skill level 2 in Ice Magic
  3449 | D:4      | Reached XP level 6. HP: 51/51 MP: 13/13
  3899 | D:4      | Found a runed translucent door.
  3900 | D:4      | Noticed Crazy Yiuf
  3930 | D:5      | Entered Level 5 of the Dungeon
  4132 | D:5      | Reached skill level 1 in Armour
  4132 | D:5      | Reached XP level 7. HP: 52/58 MP: 15/15
  4401 | D:5      | Reached skill level 3 in Ice Magic
  4963 | D:6      | Found a runed translucent gate.
  4963 | D:6      | Found a runed translucent gate.
  4963 | D:6      | Found a runed translucent gate.
  5174 | D:6      | Reached XP level 8. HP: 52/67 MP: 17/17
  5509 | D:6      | Reached skill level 4 in Ice Magic
  5550 | D:6      | Noticed BerneyBell's ghost (novice TrGl)
  5550 | D:6      | Noticed diceflayer's ghost (novice DsHu)
  5885 | D:7      | Noticed Maggie
  6074 | D:7      | Reached skill level 5 in Fighting
  6363 | D:7      | Noticed a two-headed ogre
  6380 | D:7      | Killed a two-headed ogre
  6381 | D:7      | Reached XP level 9. HP: 74/74 MP: 18/20
  6385 | D:7      | Learned a level 3 spell: Hailstorm
  6500 | D:7      | Reached skill level 5 in Spellcasting
  6569 | D:7      | Reached skill level 5 in Ice Magic
  6605 | D:7      | Reached skill level 5 in Ranged Weapons
  6924 | D:7      | Killed Maggie
  7040 | D:7      | Noticed Menkaure
  7044 | D:7      | Killed Menkaure
  7216 | D:7      | Reached skill level 5 in Armour
  7563 | D:8      | Found Kifipt's Book Emporium.
  7972 | D:8      | Reached XP level 10. HP: 84/84 MP: 22/22
  8080 | D:8      | Noticed a centaur warrior
  8254 | D:9      | Reached skill level 6 in Ice Magic
  8528 | D:9      | Found a flagged portal.
  8549 | Bailey   | Entered a bailey
  8557 | Bailey   | Learned a level 3 spell: Mephitic Cloud
  9073 | Bailey   | Identified the +0 ring mail of Mischan {*Corrode Str-3
                  | Int+7 SInv}
 10172 | D:8      | Killed a centaur warrior
 10529 | D:4      | Killed Crazy Yiuf
 10725 | D:10     | Entered Level 10 of the Dungeon
 10735 | D:10     | Found a staircase to the Orcish Mines.
 10778 | D:10     | Found Byehiru's Weapon Shoppe.
 11242 | D:11     | Noticed a manticore
 11243 | D:11     | Noticed a cyclops
 11261 | D:11     | Killed a manticore
 11262 | D:11     | Reached skill level 1 in Air Magic
 11452 | D:11     | Killed a cyclops
 11652 | D:11     | Reached skill level 7 in Ice Magic
 11652 | D:11     | Reached XP level 11. HP: 92/92 MP: 25/25
 12732 | D:11     | Found a staircase to the Lair.
 12905 | Lair:1   | Entered Level 1 of the Lair of Beasts
 13501 | Lair:1   | Noticed a catoblepas
 13531 | Lair:1   | Killed a catoblepas
 13680 | Lair:1   | Learned a level 5 spell: Freezing Cloud
 14824 | D:8      | Identified a scroll of acquirement
 14824 | D:8      | Acquired the -2 hat of the Alchemist {rElec rPois rF+ rC+
                  | rN+ Will+ rMut rCorr}
 14824 | D:8      | Found the -2 hat of the Alchemist {rElec rPois rF+ rC+ rN+
                  | Will+ rMut rCorr}
 15672 | Lair:3   | Reached skill level 1 in Poison Magic
 15963 | Lair:2   | Reached skill level 8 in Ice Magic
 16615 | Lair:3   | Found a staircase to the Snake Pit.
 16699 | Lair:3   | Reached XP level 12. HP: 80/102 MP: 28/28
 17056 | Lair:3   | Found a staircase to the Shoals.
 17319 | Lair:3   | Gained mutation: You are clumsy. (Dex -2) [potion of
                  | mutation]
 19000 | Lair:4   | Reached skill level 5 in Air Magic
 20080 | Lair:4   | Found a runed translucent door.
 20405 | Lair:5   | Entered Level 5 of the Lair of Beasts
 20405 | Lair:5   | Noticed a boulder beetle
 20411 | Lair:4   | Noticed a catoblepas
 20630 | Lair:5   | Found a gate leading to a gauntlet.
 20681 | Lair:4   | Killed a catoblepas
 20776 | Lair:4   | Killed a boulder beetle
 20777 | Lair:4   | Reached skill level 5 in Polearms
 21026 | D:10     | Reached skill level 9 in Ice Magic
 21518 | Orc:1    | Entered Level 1 of the Orcish Mines
 21616 | Orc:1    | Noticed an orc warlord
 22067 | Lair:4   | Reached skill level 1 in Axes
 22240 | Lair:5   | Noticed a catoblepas
 22253 | Lair:5   | Slain by a blink frog

Illustrated notes

Levels and vault maps discovered:
D:1:      erik_arrival_cave_to_civilisation [erik_arrival_cave_to_hall],
          layout_basic, minmay_misc_feat_room, minmay_distorted
D:2:      layout_basic, minmay_hexomino_p4
D:3:      layout_loops_cross, amethyst_overflow_temple_binary,
          shapermc_ecumenical_altar_rom_forum
D:4:      layout_gridville, kennysheep_little_box,
          minmay_temple_entry_junction_2, serial_bayou, serial_bayou_pond_a,
          serial_bayou_pond_d, serial_bayou_pond_a, serial_bayou_pond_a,
          uniq_crazy_yiuf_cottage
D:5:      layout_basic
D:6:      layout_loops_cross, gammafunk_ghost_cemetery, nicolae_benzene_ring
D:7:      layout_loops_corners, serial_demonic, serial_demonic_g,
          serial_demonic_b, serial_demonic_e, serial_demonic_g,
          minmay_misc_feat_rugged, uniq_menkaure, uniq_maggie
D:8:      layout_loops_corners, serial_shops, nicolae_shop_behind_doors
D:9:      layout_loops_cross, enter_bailey_5
D:10:     layout_loops_corners, mainiacjoe_overflow_alcove_2, orc_0_dummy,
          serial_shops, shop
D:11:     layout_basic, lair_entry_dummy, serial_shops, shop,
          onia_ninara_dug_in_and_dangerous
Lair:1:   layout_hall_layers
Lair:2:   layout_big_grid
Lair:3:   layout_regular_city, elwin_shoals_entry_stream,
          guppyfry_snake_entry_garden, serial_bayou_shore_a,
          lemuel_fruit_fields, grunt_megastairs_4
Lair:4:   layout_hall_layers, pdpol_lair_cabin_in_the_woods
Lair:5:   hangedman_lair_caniforms_friends, layout_regular_city,
          guppyfry_lair_end_dragon, slime_entry_2, gauntlet_entry_generic,
          lemuel_fruit_fields
Orc:1:    layout_caves, basic_altar, nicolae_orc_lava_room

Skill      XL: |  1  2  3  4  5  6  7  8  9 10 11 12 |
---------------+-------------------------------------+-----
Fighting       | 2 3 4 5 6 7 8 |  8.2
Dodging        | 2 3 |  3.5
Spellcasting   | 2 3 4 5 6 7 8 |  8.1
Conjurations   | 3 |  3.1
Ice Magic      | 1 2 3 4 5 7 8 9 |  9.0
Ranged Weapons | 1 2 3 4 5 6 7 |  7.3
Armour         | 1 2 3 5 6 7 8 |  8.6
Air Magic      | 1 4 5 |  5.8
Polearms       | 3 5 |  5.0
Poison Magic   | 1 4 |  4.0
Axes           | 1 |  1.0

Action                     |  1- 3 |  4- 6 |  7- 9 | 10-12 || total
---------------------------+-------+-------+-------+-------++-------
  Melee: Spear             |   175 |    70 |       |       ||   245
         Punch             |     2 |     2 |       |       ||     4
         Sling             |       |       |       |     1 ||     1
         Trident           |       |       |       |   168 ||   168
         War axe           |       |       |       |    16 ||    16
   Fire: Sling             |       |    85 |   290 |   814 ||  1189
  Throw: Dart              |       |       |     2 |     2 ||     4
         Throwing net      |       |       |     1 |       ||     1
   Cast: Ozocubu's Armour  |       |       |     1 |     7 ||     8
         Hailstorm         |       |       |     4 |     8 ||    12
         Mephitic Cloud    |       |       |       |    33 ||    33
         Kiss of Death     |       |       |       |     4 ||     4
         Freezing Cloud    |       |       |       |     4 ||     4
  Evoke: Wand              |       |       |     4 |    19 ||    23
    Use: Scroll            |       |     3 |     6 |    24 ||    33
         Potion            |       |       |     1 |    12 ||    13
   Stab: Sleeping          |     1 |       |       |       ||     1
         Confused          |       |       |       |     2 ||     2
         Invisible         |       |       |       |     1 ||     1
 Armour: Leather armour    |    59 |    27 |    31 |       ||   117
         Steam dragon scal |       |       |     7 |    70 ||    77
         Scale mail        |       |       |       |   117 ||   117
  Dodge: Dodged            |    80 |    51 |    87 |   272 ||   490
